 Dungeon Crawl Stone Soup version 0.24-a0-507-g3e8b242632 (webtiles) character file.

Game seed: 6627592405010466808

4715 Essalna the Summoner (level 10, -11/76 HPs)
             Began as a Mummy Summoner on July 19, 2019.
             Was a Follower of Ashenzari.
             Mangled by an ogre
             ... wielding a +0 giant club
              (20 damage)
             ... on level 10 of the Dungeon.
             The game lasted 00:42:08 (10521 turns).

Essalna the Summoner (Mummy Summoner)              Turns: 10521, Time: 00:42:08

Health: -11/76     AC: 11    Str: 11    XL:     10   Next: 22%
Magic:  6/20       EV: 15    Int: 18    God:    Ashenzari [*.....]
Gold:   493        SH:  4    Dex: 13    Spells: 14/22 levels left

rFire    x . .     SeeInvis +   D - +2 spear (pierce)
rCold    + . .     Gourm    .   t - +0 buckler
rNeg     + + +     Faith    .   i - +1 robe {MR+} (curse)
rPois    ∞         Spirit   .   k - +2 helmet (curse)
rElec    .         Reflect  .   x - scarf {repulsion} (curse)
rCorr    .         Harm     .   r - +2 pair of gloves (curse)
MR       ++...                  b - +1 pair of boots
Stlth    ++........             (no amulet)
HPRegen  0.22/turn              g - +2 ring of evasion
MPRegen  0.17/turn              h - ring of see invisible

@: very slightly contaminated, repel missiles
A: no food or potions, fire vulnerability, cold resistance 1, negative energy
resistance 3, torment resistance, unbreathing
a: Curse Item, Scrying, Renounce Religion


You were on level 10 of the Dungeon.
You worshipped Ashenzari.
Ashenzari was aware of your devotion.
You were not hungry.

You visited 2 branches of the dungeon, and saw 11 of its levels.

You collected 493 gold pieces.

Inventory:

Hand Weapons
 e - a +0 spear
 o - a +0 trident
 D - a +2 spear of piercing (weapon)
Armour
 a - a +0 robe
 b - a +1 pair of boots (worn)
 i - a cursed +1 robe of magic resistance (worn)
 k - a cursed +2 helmet (worn)
 n - a +0 cloak
 r - a cursed +2 pair of gloves (worn)
 t - a +0 buckler (worn)
 x - a cursed scarf of repulsion (worn)
 E - a +2 hat
 G - a +2 cloak
Magical Staves
 q - an uncursed staff of earth
Jewellery
 g - a +2 ring of evasion (left hand)
 h - a ring of see invisible (right hand)
 A - a +3 ring of dexterity
 C - an uncursed amulet of guardian spirit
Wands
 j - a wand of flame (13)
 p - a wand of iceblast (3)
 s - a wand of polymorph (20)
 w - a wand of disintegration (14)
 F - a wand of paralysis (11)
Scrolls
 c - 13 scrolls of identify {unknown}
 d - 3 scrolls of enchant weapon {unknown}
 f - 7 scrolls of teleportation {unknown}
 l - a scroll of magic mapping {unknown}
 m - 2 scrolls of enchant armour {unknown}
 u - 3 scrolls of immolation {unknown}
 v - a scroll of random uselessness {unknown}
 y - a scroll of fear {unknown}
 z - a scroll of amnesia {unknown}
 B - a scroll of acquirement {unknown}


   Skills:
 + Level 6.0 Fighting
 + Level 2.5 Armour
 + Level 3.2 Dodging
 - Level 1.5 Stealth
 + Level 2.3 Shields
 + Level 6.8 Spellcasting
 + Level 8.1 Summonings
 + Level 5.7 Air Magic


You had 14 spell levels left.
You knew the following spells:

 Your Spells              Type           Power        Failure   Level  Hunger
a - Summon Small Mammal   Summ           ####         1%          1    N/A
b - Call Canine Familiar  Summ           #####...     1%          3    N/A
c - Summon Lightning Spi  Summ/Air       ####....     8%          4    N/A

Your spell library contained the following spells:

 Spells                   Type           Power        Failure   Level  Hunger
 Call Imp                 Summ           #####...     1%          2    N/A
 Summon Guardian Golem    Hex/Summ       ###.....     8%          3    N/A
 Animate Skeleton         Necr           N/A          14%         1    N/A
 Apportation              Tloc           #.....       14%         1    N/A
 Confusing Touch          Hex            #.....       14%         1    N/A
 Magic Dart               Conj           #...         14%         1    N/A
 Sting                    Conj/Pois      #...         14%         1    N/A
 Mephitic Cloud           Conj/Pois/Air  ##......     19%         3    N/A
 Blink                    Tloc           N/A          21%         2    N/A
 Searing Ray              Conj           #.....       21%         2    N/A
 Slow                     Hex            #.......     21%         2    N/A
 Summon Ice Beast         Ice/Summ       ###.....     26%         4    N/A
 Conjure Flame            Conj/Fire      #.......     38%         3    N/A
 Dazzling Spray           Conj/Hex       #.....       38%         3    N/A
 Summon Forest            Summ/Tloc      ###.......   56%         5    N/A
 Force Lance              Conj/Tloc      #.......     80%         4    N/A
 Fulminant Prism          Conj/Hex       #.........   80%         4    N/A
 Iskenderun's Mystic Bla  Conj           #.......     80%         4    N/A
 Venom Bolt               Conj/Pois      #.........   98%         5    N/A

Dungeon Overview and Level Annotations

Branches:
Dungeon (10/15)            Temple (1/1) D:6
   Lair: D:8-11         Orc: D:9-12

Altars:
Ashenzari
Cheibriados
Dithmenos
Elyvilon
Fedhas
Gozag
Hepliaklqana
Kikubaaqudgha
Makhleb
Nemelex Xobeh
Okawaru
Qazlal
Ru
Sif Muna
Trog
Uskayaw
Vehumet
Wu Jian
Xom
Yredelemnul
Zin
The Shining One
Lugonu

Shops:
D:5 %

Annotations:
D:2 Sigmund


Innate Abilities, Weirdness & Mutations

You do not eat or drink.
Your flesh is vulnerable to fire.
You are immune to poison.
Your flesh is cold resistant. (rC+)
You are immune to negative energy. (rN+++)
You are immune to unholy pain and torment.
You can survive without breathing.


Message History

Your lightning spire is destroyed!
Casting: Summon Lightning Spire (safe; 8% risk of failure)
Confirm with . or Enter, or press ? or * to list all spells.
Aiming: Summon Lightning Spire (safe; 8% risk of failure)
Press: ? - help, Dir - move target cursor You miscast Summon Lightning Spire.
You are very lightly contaminated with residual magic.
You feel momentarily weightless.
The yak snorts and paws the ground.
Found a scroll labeled DUHAKAICL LILO.
Found a stone staircase leading down.
Found a ration.
The ogre closely misses you.
Casting: Summon Lightning Spire (safe; 8% risk of failure)
Confirm with . or Enter, or press ? or * to list all spells.
Aiming: Summon Lightning Spire (safe; 8% risk of failure)
Press: ? - help, Dir - move target cursor You miscast Summon Lightning Spire.
The world appears momentarily distorted.
The ogre hits you with a +0 giant club!!
You die...

############†.# #..# #))#
#..# #..#
############..##############
...................)........
..............).............
#...YYO@..).............
#..###############...### #..#
#...# #.Y# #Y..# ######..#
#.†(###
........###############......
%.........Y.Y...........)†$..
.............................
#######..##################..


You could see 2 yaks and an ogre.

Vanquished Creatures
  Grinder (D:3)
  2 sky beasts
  An ice beast (D:7)
  2 orc warriors
  A centaur (D:9)
  A necrophage (D:6)
  2 bullfrogs
  A scorpion (D:10)
  A howler monkey (D:4)
  A bullfrog zombie (D:7)
  A jelly (D:6)
  An orc priest (D:4)
  A hound (D:10)
  Crazy Yiuf (D:3)
  3 orc wizards
  A worker ant (D:5)
  A worker ant zombie (D:5)
  6 adders
  4 shadow imps
  3 oozes
  A worm (D:2)
  2 dart slugs
  2 leopard geckos
  14 orcs
  2 ball pythons (D:4)
  10 bats
  2 giant cockroaches
  11 goblins
  5 hobgoblins
  2 jackals (D:1)
  5 kobolds
  2 quokkas
  2 frilled lizards
  3 rats
  2 fungi (D:3)
100 creatures vanquished.

Vanquished Creatures (collateral kills)
  Gastronok (D:9)
  Sonja (D:10)
  A hornet (D:10)
  2 hippogriffs
  2 yaks (D:10)
  A spriggan (D:7)
  3 wyverns
  2 hungry ghosts
  3 orc warriors
  2 ice beasts
  A sky beast (D:6)
  3 phantoms
  3 ogres
  A bullfrog (D:7)
  A gnoll sergeant (D:8)
  3 scorpions
  3 crimson imps (D:5)
  2 bullfrog zombies
  A quasit (D:6)
  3 hounds
  8 orc wizards
  2 bullfrog skeletons
  2 jellies
  5 orc priests
  A worker ant (D:8)
  4 iguanas
  A hound zombie (D:8)
  A hound skeleton (D:5)
  Robin (D:2)
  5 gnolls (D:8)
  5 adders
  5 worms
  2 dart slugs (D:2)
  2 leopard geckos (D:1)
  22 orcs
  6 bats
  5 giant cockroaches
  6 goblins
  8 hobgoblins
  A jackal (D:1)
  4 kobolds (D:2)
  2 quokkas
  A frilled lizard (D:1)
  4 rats
  A fungus (D:3)
143 creatures vanquished.

Vanquished Creatures (others)
  A scorpion (D:5)
  A hound (D:5)
  An iguana (D:5)
  2 frilled lizards (D:5)
5 creatures vanquished.

Grand Total: 248 creatures vanquished

Notes
Turn   | Place    | Note
-------+----------+-------------------------------------------
     0 | D:1      | Essalna the Mummy Summoner began the quest for the Orb.
     0 | D:1      | Reached XP level 1. HP: 13/13 MP: 4/4
   193 | D:1      | Reached skill level 1 in Fighting
   214 | D:1      | Reached XP level 2. HP: 17/21 MP: 3/5
  1221 | D:1      | Reached XP level 3. HP: 27/27 MP: 7/7
  1521 | D:1      | Learned a level 3 spell: Call Canine Familiar
  1924 | D:2      | Reached skill level 4 in Summonings
  2063 | D:2      | Noticed Sigmund
  2103 | D:2      | Reached XP level 4. HP: 34/34 MP: 1/8
  2302 | D:2      | Found a faded altar of an unknown god.
  2339 | D:2      | Noticed Robin
  2359 | D:2      | Killed Robin
  2767 | D:1      | Learned a level 4 spell: Summon Lightning Spire
  3043 | D:3      | Found a basalt altar of Yredelemnul.
  3249 | D:3      | Reached XP level 5. HP: 41/41 MP: 9/9
  3305 | D:3      | Noticed Grinder
  3314 | D:3      | Paralysed by Grinder for 7 turns
  3325 | D:3      | Killed Grinder
  3325 | D:3      | Reached XP level 6. HP: 37/47 MP: 10/10
  3384 | D:3      | Found a bloodstained altar of Trog.
  3387 | D:3      | Found a glowing golden altar of the Shining One.
  3392 | D:3      | Found a shadowy altar of Dithmenos.
  3395 | D:3      | Found an ancient bone altar of Kikubaaqudgha.
  3396 | D:3      | Found a shimmering altar of Xom.
  3714 | D:3      | Found a runed translucent door.
  3715 | D:3      | Noticed Crazy Yiuf
  3735 | D:3      | Killed Crazy Yiuf
  4071 | D:4      | Reached skill level 5 in Summonings
  4524 | D:4      | Found a hazy altar of Hepliaklqana.
  4805 | D:5      | Entered Level 5 of the Dungeon
  5042 | D:5      | Reached XP level 7. HP: 43/52 MP: 11/11
  5247 | D:5      | Found a sparkling altar of Nemelex Xobeh.
  5297 | D:5      | Found Viosi's Food Boutique.
  5331 | D:5      | Found an ornate altar of the Wu Jian Council.
  5332 | D:5      | Found a shimmering altar of Xom.
  5662 | D:6      | Found a staircase to the Ecumenical Temple.
  5708 | Temple   | Entered the Ecumenical Temple
  5735 | Temple   | Became a worshipper of Ashenzari the Shackled
  5808 | D:6      | Reached skill level 6 in Summonings
  6049 | D:6      | Found a burning altar of Makhleb.
  6116 | D:6      | Reached XP level 8. HP: 17/58 MP: 7/12
  6702 | D:7      | Reached skill level 5 in Air Magic
  7044 | D:7      | Noticed a hippogriff
  7052 | D:7      | Killed a hippogriff
  7086 | D:7      | Reached skill level 7 in Summonings
  7934 | D:8      | Reached skill level 5 in Spellcasting
  7971 | D:8      | Reached XP level 9. HP: 56/66 MP: 8/16
  8165 | D:8      | Identified the Compendium of Harmful Orientation
  8709 | D:9      | Reached skill level 5 in Fighting
  8870 | D:9      | Reached * piety under Ashenzari
  8998 | D:9      | Found a stormy altar of Qazlal.
  9085 | D:9      | Found an iron altar of Okawaru.
  9085 | D:9      | Found a sacrificial altar of Ru.
  9085 | D:9      | Found an opulent altar of Gozag.
  9086 | D:9      | Found a white marble altar of Elyvilon.
  9109 | D:9      | Reached skill level 1 in Armour
  9666 | D:10     | Entered Level 10 of the Dungeon
  9666 | D:10     | Noticed Gastronok
  9770 | D:9      | Killed Gastronok
  9770 | D:9      | Reached skill level 1 in Shields
 10178 | D:10     | Noticed Sonja
 10191 | D:10     | Killed Sonja
 10191 | D:10     | Reached skill level 8 in Summonings
 10191 | D:10     | Reached XP level 10. HP: 76/76 MP: 16/19
 10492 | D:10     | HP: 3/76 [hornet (2)]
 10521 | D:10     | Mangled by an ogre

Levels and vault maps discovered:
D:1:      lightli_arrival_maybe_door_vault, layout_basic, minmay_tiny_reverse_x
D:2:      layout_loops_ring, chequers_ecumenical_altar_grove, uniq_sigmund,
          uniq_robin
D:3:      layout_loops_ring, minitemple, overflow_temple_1_default,
          uniq_grinder, uniq_crazy_yiuf_cottage
D:4:      layout_loops_corners, kennysheep_mini_moat
D:5:      layout_rooms, kennysheep_little_box, old_standard_altar, first_ration,
          serial_shops, nicolae_shop_crystal, xom_confusion_cloud
D:6:      layout_rooms, bloody_makhleb, minmay_temple_entry_trees
D:7:      layout_rooms, the_bakery
D:8:      layout_layer_cave, minmay_checkerbox
D:9:      layout_irregular_city, grunt_qazlal_sundering,
          chequers_temple_overflow_statue_of_worship
D:10:     layout_long_grid, minmay_misc_feat_tiny, minmay_orc_keep,
          uniq_gastronok, uniq_sonja
Temple:   corrupted_temple

Skill      XL: |  1  2  3  4  5  6  7  8  9 10 |
---------------+-------------------------------+-----
Fighting       | 1 2 3 4 5 6 |  6.0
Summonings     | 4 5 6 7 8 |  8.1
Air Magic      | 2 3 4 5 |  5.7
Spellcasting   | 5 6 |  6.8
Dodging        | 3 |  3.2
Armour         | 2 |  2.5
Shields        | 2 |  2.3
Stealth        | |  1.5

Action                   |  1- 3 |  4- 6 |  7- 9 | 10-12 || total
-------------------------+-------+-------+-------+-------++-------
Melee: Unarmed           |    47 |       |       |       ||    47
       Spear             |    97 |   191 |    85 |    41 ||   414
       Trident           |       |    94 |   238 |       ||   332
 Cast: Summon Small Mamm |    57 |     5 |     6 |       ||    68
       Call Canine Famil |     8 |    28 |    20 |       ||    56
       Summon Lightning  |       |       |    42 |     7 ||    49
Invok: Curse Item        |       |       |     4 |       ||     4
 Stab: Sleeping          |     3 |     3 |     3 |       ||     9
       Distracted        |     2 |     3 |     2 |     2 ||     9
Armor: Robe              |    56 |    72 |   152 |    15 ||   295
Dodge: Dodged            |   163 |   152 |   256 |    32 ||   603
       Deflected         |       |       |     1 |       ||     1
Block: Buckler           |       |       |    11 |     1 ||    12

Table legend:
 A = Non-vault XP
 B = Vault XP
 C = Vault XP percentage of total XP
 D = Non-vault monster count
 E = Vault monster count
 F = Vault count percentage of total count
                 A         B        C        D         E       F
            +---------+---------+-------+---------+---------+-------
      Total |    4596 |    2140 |  31.8 |     206 |      34 |  14.2
            +---------+---------+-------+---------+---------+-------
        D:1 |      37 |       4 |   9.8 |      28 |       2 |   6.7
        D:2 |      75 |      23 |  23.5 |      29 |      12 |  29.3
        D:3 |      90 |     196 |  68.5 |      25 |       2 |   7.4
        D:4 |     263 |       0 |   0.0 |      16 |       0 |   0.0
        D:5 |     303 |      68 |  18.3 |      22 |       2 |   8.3
        D:6 |     462 |       0 |   0.0 |      13 |       0 |   0.0
        D:7 |     538 |     103 |  16.1 |       8 |       1 |  11.1
        D:8 |     756 |     124 |  14.1 |      24 |       4 |  14.3
        D:9 |     805 |    1143 |  58.7 |      19 |       1 |   5.0
       D:10 |    1267 |     479 |  27.4 |      22 |      10 |  31.2
            +---------+---------+-------+---------+---------+-------
